 Dungeon Crawl Stone Soup version 0.29-a0-22-gbf593b16ee (webtiles) character file.

Game seed: 17588238446887990244

4459 Zonian the Nimble (level 10, 0/60 HPs)
             Began as a Djinni Ice Elementalist on Jan 30, 2022.
             Was a Follower of Uskayaw.
             Slain by a two-headed ogre (28 damage)
             ... on level 8 of the Dungeon.
             The game lasted 00:42:57 (19200 turns).

Zonian the Nimble (Djinni Ice Elementalist)        Turns: 19200, Time: 00:42:59

Health: 0/60       AC:  6    Str:  4    XL:     10   Next: 63%
Gold:   428        EV: 13    Int: 21    God:    Uskayaw [*.....] SH:  5 Dex:  9

rFire   + . .      SeeInvis +   k - +2 dagger (venom)
rCold   . . .      Faith    .   (no shield)
rNeg    + + .      Spirit   .   b - +1 leather armour "Ujev" {rN++ Regen+ Str-3}
rPois   ∞          Reflect  +   A - +0 helmet
rElec   .          Harm     .   j - +0 cloak
rCorr   .          Rampage  .   (no gloves)
Will    +....                   (boots unavailable)
Stlth   +++.......              x - amulet of reflection
HPRegen 1.00/turn               l - ring of Xom's Sleight of Hands {Ice rPois MP+9 Dex-5 SInv}
MPRegen 0.00/turn               (no ring)

@: freezing walls, flying
A: sickness immunity, fire resistance 2, cold vulnerability 1, float, innate
caster, HP casting, extra vitality 1
a: Renounce Religion, Stomp


You were on level 8 of the Dungeon.
You worshipped Uskayaw.
Uskayaw was noncommittal.
You visited 2 branches of the dungeon, and saw 9 of its levels.

You collected 428 gold pieces.

Inventory:

Hand Weapons
 c - a +0 short sword
 d - a +2 whip of venom
 h - a +1 short sword of speed
 k - a +2 dagger of venom (weapon)
 p - a +0 war axe
 q - a +0 hunting sling of flaming
Missiles
 m - 3 throwing nets
 t - 15 sling bullets
 u - 152 stones
 B - 5 javelins
 F - 2 boomerangs of dispersal
 H - 2 poisoned darts
 I - a curare-tipped dart
Armour
 a - a +1 robe
 b - the +1 leather armour "Ujev" (worn) {rN++ Regen+ Str-3}
   (You took it off a kobold on level 7 of the Dungeon)

   Str:       It affects your strength (-3).
   rN:        It greatly protects you from negative energy.
   Regen:     It increases your rate of health regeneration.
 j - a +0 cloak (worn)
 A - a +0 helmet (worn)
Magical Staves
 z - a staff of conjuration
Jewellery
 l - the ring of Xom's Sleight of Hands (left hand) {Ice rPois MP+9 Dex-5 SInv}
   (You found it on level 3 of the Dungeon)

   [ring of ice]

   It enhances your ice magic.
   Dex:       It affects your dexterity (-5).
   rF:        It makes you vulnerable to fire.
   rC:        It protects you from cold.
   rPois:     It protects you from poison.
   MP:        It affects your magic capacity (+9).
   SInv:      It lets you see invisible.
 x - an amulet of reflection (around neck)
 E - an amulet of the acrobat
Wands
 o - a wand of polymorph (6)
 y - a wand of flame (15)
 G - a wand of mindburst (7)
Scrolls
 g - a scroll of vulnerability
 r - 2 scrolls of magic mapping
 s - 3 scrolls of fog
 D - a scroll of blinking
Potions
 f - a potion of degeneration
 i - 2 potions of curing
 v - a potion of mutation
 w - a potion of lignification


   Skills:
 + Level 3.3 Armour
 + Level 9.4 Dodging
 + Level 7.8 Stealth
 + Level 7.2 Spellcasting


You had 3 spell levels left.
You knew the following spells:

 Your Spells              Type           Power      Damage    Failure   Level
a - Freeze                Ice            100%       1d11      1%          1
b - Frozen Ramparts       Ice            100%       1d12      2%          3
c - Ozocubu's Armour      Ice            54%        N/A       2%          3
d - Hailstorm             Conj/Ice       54%        3d12      8%          4
e - Magic Dart            Conj           100%       1d8       1%          1
f - Passwall              Tmut/Erth      31%        N/A       1%          2
g - Dazzling Flash        Conj/Hex       76%        N/A       2%          3
h - Conjure Flame         Conj/Fire      38%        6-21      2%          3
Your spell library was empty.

Dungeon Overview and Level Annotations

Branches:
Dungeon (8/15)             Temple (1/1) D:6
   Lair: D:8-11

Altars:
Ashenzari
Hepliaklqana
Kikubaaqudgha
Makhleb
Uskayaw
Wu Jian
Xom
Yredelemnul

Shops:
D:4 =   D:7 [


Innate Abilities, Weirdness & Mutations

You are immune to sickness and miasma.
You are immune to poison.
Your flesh is very heat resistant. (rF++)
You are vulnerable to cold. (rC-)
You float through the air rather than walking.
You learn spells naturally, not from books.
Your magical power is your life essence.
You have superior vitality. (+4 MHP)


Message History

The poisoned dart closely misses the kobold. 2 kobolds come into view.
Unknown command.
A kobold brigand comes into view.
It is wielding a +0 whip and quivering poisoned darts. 2 kobolds come into view.
You block the kobold's attack.
There is a burning altar of Makhleb here.
You see here a +0 club.
You barely miss the kobold.
The kobold shouts! x2; You hear a shout! x2
The kobold hits you with a +0 short sword.
You block the kobold's attack.
You hear a shout!
The kobold brigand shouts!
You hit the kobold.
You kill the kobold!
A kobold comes into view. It is wielding a +0 whip.
You hit the two-headed ogre.
The two-headed ogre is lightly wounded.
You block the kobold's attack.
The two-headed ogre hits you with a +0 giant club!
The two-headed ogre hits you with a +0 giant spiked club!
Casting: Frozen Ramparts (dangerous; 2% risk of failure)
Confirm with . or Enter, or press ? or * to list all spells.
Casting: Frozen Ramparts (dangerous; 2% risk of failure)
Press: ? - help, Dir - look around, f - activate You feel a surge of power!
The walls around you are covered in ice.
The wall freezes the kobold.
You kill the kobold!
The wall freezes the two-headed ogre.
Your +2 whip of venom begins to drip with poison!
d - a +2 whip of venom (weapon)
Your +2 whip of venom stops dripping with poison.
Your +2 dagger of venom begins to drip with poison!
k - a +2 dagger of venom (weapon)
The wall freezes the two-headed ogre!
The two-headed ogre hits you with a +0 giant club!
The two-headed ogre hits you with a +0 giant spiked club!!
You die...

#################
##########)..........<....
........O@.##############.
#####....#### #.
......._.# ####### #.
####.KK..# #.....# #.
#..K......###.#########.
#..K....# #...........
#..K####.# #..#######..
#... #.# #..# #.. #... #.#
#..#######..


You could see a two-headed ogre and 2 kobolds.

Vanquished Creatures
  Harold (D:7)
  A gargoyle (D:6)
  3 wraiths (D:8)
  A steam dragon (D:8)
  A water moccasin (D:6)
  2 ogres
  A black bear (D:3)
  A sky beast (D:5)
  4 necrophages
  2 centaurs
  4 kobold brigands
  A gnoll sergeant (D:5)
  6 scorpions
  A wyvern zombie (D:6)
  A water moccasin zombie (D:6)
  2 howler monkeys (D:6)
  A wight (D:6)
  2 centaur zombies (D:6)
  3 bullfrog zombies
  A jelly (D:4)
  A centaur skeleton (D:7)
  A gnoll shaman (D:6)
  3 orc priests
  2 bullfrog skeletons
  3 hounds
  3 iguanas
  3 orc wizards
  Terence (D:2)
  12 gnolls
  8 adders
  10 river rats (D:6)
  A shadow imp (D:6)
  3 white imps
  An adder zombie (D:5)
  2 worms
  2 dart slugs (D:2)
  17 orcs
  7 ball pythons
  3 bats (D:3)
  10 endoplasms
  7 giant cockroaches
  6 goblins
  6 hobgoblins
  12 quokkas
  13 frilled lizards
  24 kobolds
  16 rats
216 creatures vanquished.

Vanquished Creatures (others)
  2 plants (D:4)
2 creatures vanquished.

Grand Total: 218 creatures vanquished

Notes
Turn   | Place    | Note
-------+----------+-------------------------------------------
     0 | D:1      | Zonian the Djinni Ice Elementalist began the quest for the
                  | Orb.
     0 | D:1      | Reached XP level 1. HP: 15/15 MP: 0/0
   667 | D:1      | Reached XP level 2. HP: 20/21 MP: 0/0
   987 | D:1      | Found a faded altar of an unknown god.
  1002 | D:1      | Prayed at the altar of an unknown god.
  1002 | D:1      | Became a worshipper of Uskayaw the Reveller
  1002 | D:1      | Reached * piety under Uskayaw
  1017 | D:1      | Reached ** piety under Uskayaw
  1375 | D:1      | Reached XP level 3. HP: 19/25 MP: 0/0
  1375 | D:1      | Learned a level 1 spell: Magic Dart
  2071 | D:2      | Reached skill level 3 in Dodging
  2624 | D:2      | Reached XP level 4. HP: 13/31 MP: 0/0
  2927 | D:2      | Noticed Terence
  2932 | D:2      | Killed Terence
  3034 | D:2      | Found a shimmering altar of Xom.
  3200 | D:3      | Identified the ring of Xom's Sleight of Hands {Ice rPois
                  | MP+9 Dex-5 SInv}
  3382 | D:3      | Reached XP level 5. HP: 33/35 MP: 0/0
  3382 | D:3      | Learned a level 2 spell: Passwall
  3931 | D:3      | Noticed a black bear
  3939 | D:3      | Reached *** piety under Uskayaw
  3941 | D:3      | Killed a black bear
  3942 | D:3      | Reached skill level 4 in Dodging
  3942 | D:3      | Reached XP level 6. HP: 28/40 MP: 0/0
  5570 | D:4      | Noticed an ogre
  5959 | D:4      | Found Difodint's Jewellery Shoppe.
  6247 | D:4      | Killed an ogre
  6248 | D:4      | Reached XP level 7. HP: 10/45 MP: 0/0
  6248 | D:4      | Learned a level 3 spell: Dazzling Flash
  6874 | D:5      | Entered Level 5 of the Dungeon
  7447 | D:5      | Reached skill level 5 in Dodging
  8289 | D:5      | Reached XP level 8. HP: 49/50 MP: 0/0
  9979 | D:5      | Reached skill level 5 in Spellcasting
 10128 | D:5      | Reached skill level 6 in Dodging
 10128 | D:5      | Reached skill level 5 in Stealth
 10475 | D:6      | Found a staircase to the Ecumenical Temple.
 10529 | D:6      | Reached **** piety under Uskayaw
 10552 | Temple   | Entered the Ecumenical Temple
 12296 | D:6      | Reached XP level 9. HP: 55/55 MP: 0/0
 12296 | D:6      | Learned a level 3 spell: Conjure Flame
 12321 | D:6      | Reached skill level 7 in Dodging
 15271 | D:6      | Noticed a gargoyle
 15832 | D:7      | Identified the +1 leather armour "Ujev" {rN++ Regen+ Str-3}
 16355 | D:6      | Reached skill level 8 in Dodging
 16365 | D:6      | Reached ***** piety under Uskayaw
 16385 | D:6      | Reached ****** piety under Uskayaw
 16758 | D:6      | Killed a gargoyle
 16759 | D:6      | Reached XP level 10. HP: 49/60 MP: 0/0
 17086 | D:7      | Found Noikk's Armour Shop.
 17228 | D:7      | Reached skill level 1 in Armour
 17358 | D:7      | Noticed Harold
 18100 | D:7      | Killed Harold
 18101 | D:7      | Reached skill level 9 in Dodging
 18616 | D:8      | Noticed a two-headed ogre
 18942 | D:8      | Noticed a skeletal warrior
 19177 | D:8      | Found a burning altar of Makhleb.
 19200 | D:8      | Slain by a two-headed ogre

Illustrated notes

Levels and vault maps discovered:
D:1:      tarquinn_simple_flora_water_a, layout_basic,
          hellmonk_ecumenical_altar_run_dry, minmay_lizard_pond
D:2:      layout_basic, basic_altar, uniq_terence
D:3:      layout_rooms, minivault_25, minmay_quantized
D:4:      layout_layer_cave, serial_shops, nicolae_square_shop,
          serial_park_tiny_pond, corexii_shack
D:5:      wander_river, layout_rooms, minmay_puff
D:6:      lemuel_ratsnest, layout_cave_pools, minmay_temple_entry_trees,
          minmay_joined_circles
D:7:      layout_gridville, serial_shops, shop, kennysheep_generic_room_8,
          uniq_harold
D:8:      kennysheep_kobold_camp, layout_loops_ring, bloody_makhleb,
          minmay_guarded_unrand_finisher
Temple:   regret_index_temple_sigil_plot

Skill      XL: |  1  2  3  4  5  6  7  8  9 10 |
---------------+-------------------------------+-----
Stealth        | 2 3 4 5 7 |  7.8
Dodging        | 3 4 5 6 8 9 |  9.4
Spellcasting   | 4 5 6 7 |  7.2
Armour         | 3 |  3.3

Action                   |  1- 3 |  4- 6 |  7- 9 | 10-12 || total
-------------------------+-------+-------+-------+-------++-------
Melee: Dagger            |    10 |   105 |   346 |   100 ||   561
       Punch             |     1 |     3 |     4 |     2 ||    10
       Short sword       |       |       |       |    27 ||    27
       Unarmed           |       |       |       |     1 ||     1
 Fire: Hunting sling     |       |    25 |    69 |    18 ||   112
Throw: Throwing net      |       |       |       |     1 ||     1
 Cast: Freeze            |    34 |     8 |    11 |       ||    53
       Magic Dart        |    42 |     1 |    14 |     1 ||    58
       Frozen Ramparts   |       |     2 |    14 |     9 ||    25
       Ozocubu's Armour  |       |     2 |     1 |     1 ||     4
       Dazzling Flash    |       |       |     2 |       ||     2
       Hailstorm         |       |       |    12 |       ||    12
Invok: Line Pass         |       |       |     1 |     1 ||     2
Evoke: Wand              |       |       |     2 |    20 ||    22
  Use: Scroll            |     2 |     8 |     7 |     6 ||    23
       Potion            |       |       |     2 |     5 ||     7
 Stab: Sleeping          |       |     4 |     1 |     1 ||     6
       Paralysed         |       |     1 |     6 |     2 ||     9
Armor: Robe              |       |    12 |   111 |     5 ||   128
       Leather armour    |       |       |       |    32 ||    32
Dodge: Dodged            |    15 |    61 |   314 |    97 ||   487
Block: Other             |       |       |       |    30 ||    30
       Reflection        |       |       |       |     2 ||     2

Table legend: (Time is in decaauts)
 A = Elapsed time spent in this place.
 B = Non-inter-level travel time spent in this place.
 C = Inter-level travel time spent in this place.
 D = Time resting spent in this place.
 E = Time spent auto-exploring this place.
 F = Levels seen in this place.
 G = Mean time per level.
                   A        B        C        D        E       F      G
               +--------+--------+--------+--------+--------+-----+--------+
         Total |  19201 |  18921 |    280 |  10265 |   5368 |   9 | 2133.4 |
       Dungeon |  17960 |  17680 |    280 |   9109 |   5351 |   8 | 2245.0 |
        Temple |   1241 |   1241 |      0 |   1156 |     17 |   1 | 1241.0 |
               +--------+--------+--------+--------+--------+-----+--------+

Top non-repeatable levels by time:
     D:4: 4704 daAuts
     D:5: 3231 daAuts
     D:7: 3096 daAuts
     D:6: 2296 daAuts
     D:1: 1946 daAuts
     D:2: 1245 daAuts
  Temple: 1241 daAuts
     D:3: 904 daAuts
     D:8: 534 daAuts
